Map: Oxide LE

Players

Solar - Winner!

  • Race: Zerg Zerg
  • Spawn Location: 1:00

ShoWTimE

  • Race: Protoss Protoss
  • Spawn Location: 7:00

Event: IEM Katowice 2021

VOD

Have the link to the VOD?

Description

Time

  • Played on: Feb. 22, 2021, 9:14 a.m.
  • Length: 9:15

All games in this series

Show
View Real Time Build Order
Export as new Build Order

Solar Zerg - Winner!

Build Orders: Hatch First, Swarm Host 

Get SALT Encoding   

  12  0:00  Drone  
  13  0:12  Overlord  
  13  0:17  Drone  
  14  0:31  Drone x2  
  16  0:47  Hatchery  
  15  0:51  Drone  
  15  0:54  Drone  
  17  0:58  Drone  
  18  1:08  Extractor  
  17  1:13  Spawning Pool  
  17  1:16  Drone  
  17  1:19  Drone  
  18  1:28  Drone  
  19  1:39  Drone  
  20  1:49  Overlord  
  20  2:00  Zergling x2, Queen x2  
  20  2:01  Zergling x2  
  26  2:11  Drone  
  26  2:12  Metabolic Boost, Drone  
  28  2:23  Drone x2  
  30  2:34  Drone  
  30  2:35  Hatchery  
  30  2:42  Queen  
  32  2:47  Overlord  
  32  2:49  Drone  
  33  2:53  Drone  
  33  2:55  Drone  
  33  2:56  Drone  
  36  3:07  Drone x2  
  36  3:10  Drone x3  
  41  3:13  Queen  
  41  3:17  Overlord  
  44  3:20  Zergling x2  
  44  3:23  Spore Crawler  
  44  3:25  Drone  
  44  3:28  Overlord  
  44  3:36  Zergling x6  
  47  3:42  Drone  
  47  3:44  Drone x2  
  50  3:49  Queen  
  50  3:50  Drone  
  50  3:51  Zergling x2  
  50  3:53  Spore Crawler  
  53  3:56  Drone  
  53  3:58  Drone  
  53  4:01  Drone  
  55  4:04  Drone x2  
  57  4:10  Queen  
  57  4:11  Overlord  
  57  4:14  Drone  
  57  4:16  Drone x2  
  62  4:20  Drone x2  
  62  4:21  Drone x2  
  62  4:23  Lair  
  66  4:28  Roach Warren  
  65  4:31  Drone  
  65  4:33  Drone x3  
  68  4:38  Drone  
  68  4:39  Extractor  
  68  4:40  Extractor, Drone  
  68  4:41  Drone x2  
  68  4:43  Drone  
  68  4:45  Drone  
  71  4:46  Drone  
  71  4:49  Drone  
  71  4:50  Drone  
  73  4:53  Overlord  
  73  4:55  Overlord  
  73  4:58  Evolution Chamber, Overlord  
  72  5:03  Overlord  
  72  5:05  Extractor  
  71  5:07  Extractor  
  71  5:10  Overlord  
  71  5:12  Drone x3  
  73  5:14  Drone x2  
  73  5:15  Drone x3  
  73  5:19  Drone x2, Queen  
  82  5:22  Drone x2  
  82  5:23  Overseer  
  82  5:27  Drone x2  
  82  5:28  Extractor  
  85  5:30  Queen  
  85  5:32  Drone  
  85  5:35  Zergling x6  
  91  5:38  Overlord  
  91  5:48  Infestation Pit, Queen  
  92  5:52  Overlord  
  92  5:57  Overlord  
  92  6:01  Queen  
  94  6:04  Overlord  
  94  6:05  Hatchery  
  94  6:09  Hatchery  
  93  6:12  Drone  
  93  6:13  Overlord  
  93  6:16  Roach x3  
  100  6:20  Overlord  
  100  6:25  Swarm Host x2  
  100  6:26  Swarm Host x5  
  100  6:29  Swarm Host  
  100  6:30  Swarm Host  
  127  6:35  Overlord x2  
  127  6:37  Swarm Host  
  127  6:38  Swarm Host  
  133  6:40  Swarm Host  
  133  6:42  Swarm Host  
  133  6:46  Queen  
  141  6:49  Hydralisk Den  
  141  6:51  Overlord  
  141  6:53  Roach  
  142  6:55  Roach x2  
  142  6:58  Overlord  
  147  7:01  Zergling x8  
  147  7:04  Roach  
  147  7:06  Overlord  
  150  7:09  Queen  
  150  7:11  Roach  
  152  7:16  Roach  
  152  7:17  Roach x2  
  152  7:20  Roach x2  
  162  7:23  Grooved Spines  
  162  7:24  Ravager x4  
  162  7:25  Ravager  
  162  7:26  Glial Reconstitution  
  162  7:28  Zergling x4  
  169  7:33  Drone x2  
  169  7:36  Hydralisk x3  
  176  7:43  Hydralisk x2  
  180  7:52  Hydralisk  
  180  7:53  Roach  
  180  7:54  Overlord x2  
  180  7:57  Roach x2  
  180  7:58  Roach  
  190  7:59  Roach  
  190  8:00  Overlord  
  190  8:03  Overlord  
  191  8:05  Overlord  
  191  8:07  Overlord  
  191  8:15  Roach x3  
  191  8:16  Roach x2  
  198  8:25  Roach  
  198  8:29  Hydralisk x2  
  193  8:34  Hydralisk x2  
  193  8:36  Hydralisk x2  
  193  8:39  Zergling x8  
  193  8:41  Hydralisk x2  
  195  8:46  Roach x3  
  197  8:49  Roach x2  
  197  8:54  Roach  
Show
View Real Time Build Order
Export as new Build Order

ShoWTimE Protoss 

Build Orders: 1 Gate Expand, Oracle Opening, Zealot Archon 

Get SALT Encoding   

  12  0:00  Probe  
  13  0:12  Probe  
  14  0:18  Pylon  
  14  0:24  Probe  
  14  0:28  Assimilator  
  15  0:36  Probe (Chrono Boost)  
  16  0:43  Gateway  
  16  0:48  Probe (Chrono Boost)  
  17  0:55  Probe (Chrono Boost)  
  18  1:03  Probe (Chrono Boost)  
  19  1:13  Probe (Chrono Boost)  
  20  1:18  Probe (Chrono Boost)  
  21  1:26  Nexus  
  21  1:35  Cybernetics Core  
  21  1:40  Assimilator  
  21  1:44  Probe  
  22  1:50  Pylon  
  22  1:56  Probe  
  23  2:08  Probe  
  24  2:09  Adept (Chrono Boost)  
  24  2:13  Stargate  
  26  2:18  Warp Gate  
  26  2:20  Probe  
  27  2:31  Adept  
  27  2:35  Probe (Chrono Boost)  
  30  2:39  Probe (Chrono Boost)  
  31  2:48  Probe (Chrono Boost)  
  31  2:49  Probe (Chrono Boost)  
  31  2:50  Void Ray (Chrono Boost)  
  33  2:53  Probe (Chrono Boost)  
  33  2:56  Probe  
  39  3:01  Pylon  
  39  3:05  Probe  
  40  3:08  Probe  
  40  3:11  Gateway  
  41  3:17  Probe  
  42  3:21  Probe  
  42  3:26  Oracle (Chrono Boost)  
  43  3:29  Probe  
  43  3:33  Probe  
  48  3:41  Probe  
  48  3:44  Nexus  
  49  3:48  Probe  
  49  3:50  Pylon  
  49  3:53  Probe  
  49  3:54  Assimilator  
  51  4:00  Assimilator  
  51  4:01  Probe  
  52  4:04  Stargate  
  52  4:06  Probe (Chrono Boost)  
  52  4:07  Void Ray  
  56  4:18  Probe x2 (Chrono Boost)  
  56  4:20  Pylon  
  57  4:25  Probe (Chrono Boost)  
  57  4:27  Probe (Chrono Boost)  
  59  4:32  Probe  
  59  4:37  Probe  
  61  4:41  Pylon, Adept  
  61  4:43  Pylon  
  61  4:44  Probe  
  64  4:48  Void Ray (Chrono Boost)  
  64  4:50  Void Ray (Chrono Boost), Forge  
  64  4:51  Pylon  
  64  4:55  Probe  
  73  5:01  Probe  
  73  5:02  Probe  
  75  5:09  Probe  
  75  5:11  Twilight Council  
  75  5:13  Probe  
  77  5:15  Pylon  
  77  5:16  Probe  
  78  5:21  Probe  
  78  5:25  Void Ray, Probe  
  80  5:28  Probe  
  80  5:32  Charge  
  80  5:33  Probe  
  86  5:37  Probe  
  86  5:38  Pylon  
  86  5:39  Assimilator  
  86  5:40  Shield Battery, Probe  
  88  5:44  Assimilator  
  88  5:45  Protoss Ground Weapons Level 1 (Chrono Boost), Probe  
  88  5:49  Gateway, Probe  
  90  5:52  Probe  
  90  5:55  Gateway  
  91  5:57  Probe  
  91  5:59  Gateway  
  91  6:01  Probe  
  93  6:09  Gateway  
  93  6:13  Templar Archives  
  93  6:14  Gateway  
  93  6:19  Gateway  
  93  6:20  Gateway  
  93  6:22  Robotics Facility  
  93  6:28  Gateway  
  93  6:33  Psionic Storm  
  93  6:36  Void Ray  
  93  6:37  Probe x3  
  93  6:39  Pylon  
  96  6:46  Pylon  
  100  6:54  High Templar x2  
  100  7:00  Pylon, Photon Cannon, High Templar  
  106  7:02  Shield Battery  
  106  7:07  Photon Cannon  
  106  7:08  Zealot x4  
  106  7:14  Immortal (Chrono Boost)  
  114  7:19  High Templar x2  
  114  7:21  Photon Cannon  
  122  7:25  Pylon  
  122  7:29  Nexus  
  122  7:32  Pylon  
  119  7:37  Archon x2, Zealot x3  
  119  7:38  Zealot  
  119  7:39  Zealot  
  119  7:44  Probe x3  
  131  7:46  Zealot  
  131  7:50  High Templar  
  131  7:56  Shield Battery, Probe x2  
  131  7:57  High Templar x2  
  131  7:58  Shield Battery  
  137  8:02  Photon Cannon  
  137  8:05  Zealot x2  
  137  8:06  Shield Battery  
  137  8:11  Pylon  
  137  8:12  Robotics Bay  
  141  8:13  Zealot  
  141  8:17  Zealot x2  
  144  8:21  Zealot  
  144  8:23  Zealot  
  132  8:30  Zealot x4  
  128  8:38  Zealot x3  
  122  8:44  Archon  
  122  8:45  Archon  
  122  8:47  Zealot x2  
  112  8:52  Zealot x4  
  99  9:05  Zealot  
  99  9:06  Zealot x3  
  99  9:10  Zealot x2  

Tags
 
Add a new tag
Caveats
  • Supply blocks, unpowered buildings, or Contaminate may cause inaccurate times.
  • Supply counts are checked every 10 seconds.